 Dungeon Crawl Stone Soup version 0.27-a0-1081-ge8a0a9c698 (webtiles) character file.

Game seed: 15140926597538510910

67 tardwrangler69 the Poker (level 4, 0/35 HPs)
             Began as a Merfolk Gladiator on Apr 25, 2021.
             Slain by an adder (3 damage)
             ... on level 3 of the Dungeon.
             The game lasted 00:01:22 (1819 turns).

tardwrangler69 the Poker (Merfolk Gladiator)        Turns: 1819, Time: 00:01:23

Health: 0/35       AC:  4    Str: 15    XL:     4   Next: 16%
Magic:  4/4        EV: 12    Int:  7    God:
Gold:   54         SH:  3    Dex: 15    Spells: 3/3 levels left

rFire    . . .     SeeInvis .   a - +0 trident
rCold    . . .     Faith    .   k - +0 buckler
rNeg     . . .     Spirit   .   b - +0 leather armour
rPois    .         Reflect  .   c - +0 helmet
rElec    .         Harm     .   (no cloak)
rCorr    .         Rampage  .   (no gloves)
Will     .....                  (no boots)
Stlth    +.........             (no amulet)
HPRegen  0.11/turn              (no ring)
MPRegen  0.09/turn              (no ring)

@: no status effects
A: (nimble swimmer 2), mertail
a: no special abilities


You were on level 3 of the Dungeon.
You visited 1 branch of the dungeon, and saw 3 of its levels.

You collected 54 gold pieces.

Inventory:

Hand Weapons
 a - a +0 trident (weapon)
Missiles
 d - 3 throwing nets (quivered)
Armour
 b - a +0 leather armour (worn)
 c - a +0 helmet (worn)
 k - a +0 buckler (worn)
Jewellery
 g - a ring of ice
Scrolls
 f - a scroll of enchant armour {unknown}
 h - a scroll of identify {unknown}
 i - a scroll of teleportation {unknown}
 j - a scroll of amnesia {unknown}
Potions
 e - a potion of lignification {unknown}
 l - a potion of curing {unknown}
 m - a potion of degeneration {unknown}


   Skills:
 + Level 3.0 Fighting
 * Level 5.9 Polearms
 - Level 2.0 Throwing
 + Level 4.7 Dodging
 + Level 0.1 Shields


You had 3 spell levels left.
You didn't know any spells.
Your spell library contained the following spells:

 Spells                   Type           Power      Damage    Failure   Level
 Magic Dart               Conj           0%         1d3       67%         1
 Blink                    Tloc           N/A        N/A       82%         2
 Call Imp                 Summ           0%         N/A       82%         2
 Slow                     Hex            0%         N/A       82%         2
 Conjure Flame            Conj/Fire      0%         6-21      96%         3
 Mephitic Cloud           Conj/Pois/Air  0%         N/A       96%         3


Dungeon Overview and Level Annotations

Branches:
Dungeon (3/15)

Altars:


Innate Abilities, Weirdness & Mutations

((You are quick and stealthy near water. (Stealth+, EV+, Speed+++)))
Your lower body shifts to a powerful aquatic tail in water.


Message History

A giant cockroach comes into view.
The adder bites you. The orc hits you with a +0 flail!
The orc shouts!
You puncture the adder!
The adder is almost dead.
The adder bites you but does no damage. The orc misses you.
You barely miss the adder.
The adder is almost dead.
The adder bites you but does no damage. The orc hits you with a +0 flail!
An orc comes into view. It is wielding a +0 hand axe.
The adder barely misses you.
You are too injured to fight recklessly!
You are too injured to fight recklessly!
You are too injured to fight recklessly!
You are too injured to fight recklessly!
You are too injured to fight recklessly!
You are too injured to fight recklessly!
You are too injured to fight recklessly!
You are too injured to fight recklessly!
The hobgoblin closely misses you. The adder bites you.
You are poisoned.
The adder poisons you!
You see here a quokka corpse.
You feel sick.
You feel sick.
You feel sick.
You feel sick. The adder misses you.
You feel sick.
You feel sick.
An adder comes into view.
You feel sick.
You are no longer poisoned.
You block the adder's attack.
The adder hisses angrily.
The adder bites you.
* * * LOW HITPOINT WARNING * * *
The adder closely misses you. The adder bites you.
You die...

#o.#.# #KB#... ##
#.## ...# ... #o#
..#
...#############o#
!.#
#.#..........##.#
#.........[..#..#
#......S.Sg#o.# .
#......@......#
....##...........#.#
.......<.........#.#
##.##............#.#
#..##..........##...
##.
#...............#
#.##...............#
#.........)..###..##
###..........# ..#


You could see 2 adders, an orc and a hobgoblin.

Vanquished Creatures
  3 adders
  A dart slug (D:2)
  4 endoplasms
  4 giant cockroaches
  3 goblins
  4 hobgoblins
  2 kobolds
  A quokka (D:3)
  3 ball pythons (D:1)
  8 bats
  A frilled lizard (D:1)
  3 rats (D:1)
37 creatures vanquished.

Notes
Turn   | Place    | Note
-------+----------+-------------------------------------------
     0 | D:1      | tardwrangler69 the Merfolk Gladiator began the quest for
                  | the Orb.
     0 | D:1      | Reached XP level 1. HP: 16/16 MP: 1/1
   331 | D:1      | Reached XP level 2. HP: 23/23 MP: 2/2
   404 | D:1      | Reached skill level 5 in Polearms
   407 | D:1      | Found a faded altar of an unknown god.
   985 | D:2      | Reached XP level 3. HP: 28/28 MP: 3/3
  1724 | D:3      | Reached XP level 4. HP: 32/34 MP: 4/4
  1801 | D:3      | Noticed an orc warrior
  1819 | D:3      | Slain by an adder

Illustrated notes

Levels and vault maps discovered:
D:1:      evilmike_arrival_plus, layout_loops_ring,
          hellmonk_ecumenical_altar_heavens_door, palyth_stone_intersect
D:2:      layout_rooms, hangedman_decor_clover_reticule
D:3:      layout_rooms, serial_shops, nicolae_shop_trees

Skill      XL: |  1  2  3  4 |
---------------+-------------+-----
Polearms       | 5 |  5.9
Fighting       | 3 |  3.0
Throwing       | |  2.0
Dodging        | |  4.7
Shields        | |  0.1

Action                   |  1- 3 |  4- 6 || total
-------------------------+-------+-------++-------
Melee: Trident           |   101 |    10 ||   111
 Stab: Sleeping          |     1 |       ||     1
Armor: Leather armour    |    28 |     3 ||    31
Dodge: Dodged            |    47 |     9 ||    56
Block: Buckler           |       |     2 ||     2

Table legend: (Time is in decaauts)
 A = Elapsed time spent in this place.
 B = Non-inter-level travel time spent in this place.
 C = Inter-level travel time spent in this place.
 D = Time resting spent in this place.
 E = Time spent auto-exploring this place.
 F = Levels seen in this place.
 G = Mean time per level.
                   A        B        C        D        E       F      G
               +--------+--------+--------+--------+--------+-----+--------+
         Total |   1824 |   1759 |     65 |      0 |   1513 |   3 |  608.0 |
       Dungeon |   1824 |   1759 |     65 |      0 |   1513 |   3 |  608.0 |
               +--------+--------+--------+--------+--------+-----+--------+

Top non-repeatable levels by time:
     D:1: 982 daAuts
     D:2: 732 daAuts
     D:3: 108 daAuts
